 Dungeon Crawl Stone Soup version 0.22-a0-512-g0943f25 (webtiles) character file.

164 kae the Slasher (level 5, 0/47 HPs)
             Began as a Minotaur Fighter on June 18, 2018.
             Killed from afar by Blork the orc (4 damage)
             ... with a magic dart
             ... on level 4 of the Dungeon.
             The game lasted 00:02:04 (2124 turns).

kae the Slasher (Minotaur Fighter)                  Turns: 2124, Time: 00:02:04

Health: 0/47       AC:  7    Str: 25    XL:     5   Next: 21%
Magic:  4/4        EV:  8    Int:  6    God:
Gold:   92         SH:  9    Dex: 10    Spells: 4/4 levels left

rFire    . . .     SeeInvis .   a - +1 long sword
rCold    . . .     Gourm    .   c - +0 shield
rNeg     . . .     Faith    .   b - +0 scale mail
rPois    .         Spirit   .   (helmet restricted)
rElec    .         Reflect  .   (no cloak)
rCorr    .         Harm     .   (no gloves)
MR       .....                  (no boots)
Stlth    ..........             (no amulet)
HPRegen  0.15/turn              (no ring)
MPRegen  0.09/turn              (no ring)

@: mighty
A: retaliatory headbutt, horns 2
a: no special abilities


You were on level 4 of the Dungeon.
You were very hungry.

You visited 1 branch of the dungeon, and saw 4 of its levels.

You collected 92 gold pieces.

Inventory:

Hand Weapons
 a - a +1 long sword (weapon)
Armour
 b - a +0 scale mail (worn)
 c - a +0 shield (worn)
Jewellery
 l - an uncursed amulet of the acrobat {unknown}
Wands
 j - a wand of iceblast (9)
Scrolls
 i - a scroll of blinking
Potions
 g - a potion of brilliance
 k - a potion of flight
 m - a potion of curing
Comestibles
 f - 5 rations


   Skills:
 + Level 4.5 Fighting
 * Level 4.6 Long Blades
 + Level 4.5 Armour
 + Level 2.1 Dodging
 - Level 3.6 Shields


You had 4 spell levels left.
You didn't know any spells.
Your spell library was empty.

Dungeon Overview and Level Annotations

Branches:
Dungeon (4/15)
 Temple: D:4-7

Altars:
Kikubaaqudgha
Okawaru
Ru
Trog
Vehumet
Wu Jian
Yredelemnul
The Shining One

Annotations:
D:4 Blork the orc


Innate Abilities, Weirdness & Mutations

You reflexively headbutt those who attack you in melee.
You have a pair of horns on your head.


Message History

The orc wizard mumbles some strange words.
The orc wizard blinks!
Something hits you but does no damage.
Your shield prevents you from hitting something.
Your headbutt misses something. Something hits you.
* * * LOW HITPOINT WARNING * * *
You miss something. Your headbutt misses something.
You hear some strange, mumbled words.
A puff of flame appears from out of thin air!
The puff of flame hits you!
* * * LOW HITPOINT WARNING * * *
The hound pauses to sniff the ground.
The hound bites you but does no damage.
You slash something!
You hear some strange, mumbled words.
A magic dart appears from out of thin air!
The magic dart hits you! The hound bites you but does no damage.
You hear some strange, mumbled words.
A magic dart appears from out of thin air!
The magic dart hits you!
You die...

. .).
.##############o....
.........h@{OZoo....
#####..#######.....
#..#######.....
#........#.# #
#.#......#.#
#.#..#'#...#
#.#..+_+...#
#.#..#'#..>#
#.#........#


You could see an ogre, a hound, an orc wizard, 2 orcs and a bullfrog skeleton.

Vanquished Creatures
  An orc wizard (D:4)
  3 adders
  3 gnolls (D:2)
  An ooze (D:3)
  A worm (D:2)
  2 dart slugs (D:2)
  3 leopard geckos
  A ball python (D:1)
  3 bats
  2 giant cockroaches
  10 goblins
  10 hobgoblins
  4 jackals (D:3)
  2 quokkas
  A frilled lizard (D:1)
  A jackal skeleton (D:4)
  7 kobolds
  11 rats
66 creatures vanquished.

Vanquished Creatures (others)
  A worm (D:2)
  A kobold (D:2)
2 creatures vanquished.

Grand Total: 68 creatures vanquished

Notes
Turn   | Place    | Note
-------+----------+-------------------------------------------
     0 | D:1      | kae the Minotaur Fighter began the quest for the Orb.
     0 | D:1      | Reached XP level 1. HP: 19/19 MP: 0/0
    62 | D:1      | Reached XP level 2. HP: 16/27 MP: 1/1
   248 | D:1      | Reached skill level 1 in Dodging
   343 | D:1      | Reached XP level 3. HP: 33/33 MP: 2/2
   772 | D:2      | Found a radiant altar of Vehumet.
  1147 | D:2      | Reached XP level 4. HP: 40/40 MP: 3/3
  1410 | D:2      | Found an ornate altar of the Wu Jian Council.
  1411 | D:2      | Found an ancient bone altar of Kikubaaqudgha.
  1595 | D:3      | Found a sacrificial altar of Ru.
  1929 | D:3      | Found an iron altar of Okawaru.
  1929 | D:3      | Found a bloodstained altar of Trog.
  1983 | D:3      | Found a glowing golden altar of the Shining One.
  2072 | D:4      | Found a basalt altar of Yredelemnul.
  2093 | D:4      | Noticed an ogre
  2096 | D:4      | Noticed Blork the orc
  2112 | D:4      | Reached XP level 5. HP: 21/47 MP: 4/4
  2124 | D:4      | Killed from afar by Blork the orc

Vault maps used:
D:1:      minmay_arrival_doors, st_stairs_10
D:2:      minitemple, fiery_altar_vehumet, first_ration
D:3:      gammafunk_temple_overflow_pools, lemuel_crystal_altar, hex_large,
          nicolae_tso_swordbearing_angel
D:4:      kennysheep_mini_moat, uniq_blork_the_orc

Skill      XL: |  1  2  3  4 |
---------------+-------------+-----
Long Blades    | 3 4 |  4.6
Dodging        | 1 2 |  2.1
Fighting       | 4 |  4.5
Armour         | 4 |  4.5
Shields        | |  3.6

Action                   |  1- 3 |  4- 6 || total
-------------------------+-------+-------++-------
Melee: Long sword        |   100 |    77 ||   177
       Headbutt          |    13 |     7 ||    20
  Use: Potion            |     1 |     2 ||     3
       Scroll            |       |    11 ||    11
  Eat: Chunk             |     1 |     2 ||     3
Armor: Scale mail        |    40 |    36 ||    76
Dodge: Dodged            |    20 |    25 ||    45
Block: Shield            |    57 |    29 ||    86
       Rpst.: Long sword |     5 |     6 ||    11

Table legend:
 A = Spawn XP
 B = Non-spawn XP
 C = Spawn XP percentage of total XP
 D = Spawn monster count
 E = Non-spawn monster count
 F = Spawn count percentage of total count
 G = Total turns spent on level
                    A         B        C        D         E        F      G
               +---------+---------+-------+---------+---------+-------+---------
         Total |       0 |     235 |   0.0 |       0 |      66 |   0.0 |  2124
               +---------+---------+-------+---------+---------+-------+---------
           D:1 |       0 |      51 |   0.0 |       0 |      31 |   0.0 |   709
           D:2 |       0 |     100 |   0.0 |       0 |      19 |   0.0 |   751
           D:3 |       0 |      41 |   0.0 |       0 |      13 |   0.0 |   587
           D:4 |       0 |      43 |   0.0 |       0 |       3 |   0.0 |    77
               +---------+---------+-------+---------+---------+-------+---------
